 Dungeon Sprint DCSS version 0.31.0-12-g77e489cdc1 (webtiles) character file.

Game seed: 18133373095476316937

42 CougarLife the Ruffian (level 3, 0/36 HPs)
             Began as a Troll Gladiator on Feb 27, 2024.
             Incinerated by a bombardier beetle (5 damage)
             ... with a burning spray
             ... in the Dungeon (Sprint IX: "|||||||||||||||||||||||||||||").
             The game lasted 00:00:26 (145 turns).

CougarLife the Ruffian (Troll Gladiator)             Turns: 145, Time: 00:00:26

Health: 0/36       AC:  4    Str: 24    XL:     3   Next: 33%
Magic:  2/2        EV: 10    Int:  4    God:
Gold:   0          SH:  0    Dex: 11    Spells: 2/2 levels left

rFire   . .          .
                       - Unarmed
rCold   . . .        (no shield)
rNeg    . . .        a - +0 robe
rPois   .            b - +0 hat
rElec   .            (no cloak)
rCorr   .            (gloves unavailable)
SInv    .            (boots unavailable)
Will    .....        (no amulet)
Stlth   +            (no ring)
HPRegen 1.06/turn    (no ring)
MPRegen 0.08/turn

%: no teleportation
@: on fire, glowing
A: large, unfitting armour, claws 3, regeneration 1, shaggy fur 1, tough skin 1
a: no special abilities


You were in the Dungeon.
You visited 1 branch

Inventory:

Missiles
 c - 3 throwing nets (quivered)
 d - a large rock
Armour
 a - a +0 robe (worn)
 b - a +0 hat (worn)
Scrolls
 j - a scroll of blinking
Potions
 e - a potion of curing
 f - a potion of heal wounds
 g - a potion of haste
 h - 2 potions of magic
 i - a potion of berserk rage


   Skills:
 + Level 2.9 Fighting
 + Level 3.2 Throwing
 + Level 3.4 Dodging
 * Level 5.1 Unarmed Combat


You had 2 spell levels left.
You didn't know any spells.
Your spell library was empty.

Dungeon Overview and Level Annotations

Branches:
Dungeon (1/1)

Altars:


Innate Abilities, Weirdness & Mutations

You are too large for most types of armour.
You have claws for hands.
Your natural rate of healing is unusually fast.
You are covered in fur. (AC +1)
You have tough skin. (AC +1)


Message History

There is an open door to the Dungeon here.
You see here a +0 dagger.
You completely miss the orc. The orc hits you with a +0 mace.
You barely miss the orc. You claw the orc!
You kill the orc!
You barely miss the adder. The adder bites you. The adder barely misses you.
You claw the adder!
You kill the adder!
The bombardier beetle sprays incendiary fluid at you.
The burning spray hits you.
You are covered in liquid fire!
Your Unarmed Combat skill increases to level 5!
You shake off some of the fire as you move.
The liquid fire burns you!
Items here: )) [ ††.
You shake off some of the fire as you move.
The liquid fire burns you!
* * * LOW HITPOINT WARNING * * *
There is an open door to the Dungeon here.
You see here a +0 dagger.
You shake off the liquid fire.
The bombardier beetle sprays incendiary fluid at you.
The burning spray misses you.
The bombardier beetle sprays incendiary fluid at you.
The burning spray hits you.
You are covered in liquid fire!
You shake off some of the fire as you move.
The liquid fire burns you!
* * * LOW HITPOINT WARNING * * *
There is an open door to the Dungeon here.
You see here a +0 dagger.
You shake off some of the fire as you move.
The liquid fire burns you!
* * * LOW HITPOINT WARNING * * *
Items here: )) [ ††.
You claw the bombardier beetle!
The bombardier beetle is heavily wounded.
The liquid fire burns you!
You die...

▓▓▓
▓<▓
▓.▓
▓.▓
▓.▓
▓)▓
▓@▓
▓B▓
▓.▓
▓B▓
▓.▓
▓†▓
▓.▓
▓.▓
▓B▓


You could see 2 bombardier beetles.

Vanquished Creatures
  An iguana (D)
  An adder (D)
  An orc (D)
  2 endoplasms (D)
  2 kobolds (D)
  A bat (D)
8 creatures vanquished.

Notes
Turn   | Place    | Note
-------+----------+-------------------------------------------
     0 | D        | CougarLife the Troll Gladiator began the quest for the Orb.
     0 | D        | Reached XP level 1. HP: 19/19 MP: 0/0
   124 | D        | Noticed an iguana
   124 | D        | Noticed a bombardier beetle
   124 | D        | Noticed a bombardier beetle
   127 | D        | Killed an iguana
   128 | D        | Reached skill level 4 in Unarmed Combat
   128 | D        | Reached XP level 2. HP: 8/29 MP: 1/1
   128 | D        | Reached XP level 3. HP: 10/36 MP: 2/2
   138 | D        | Reached skill level 5 in Unarmed Combat
   145 | D        | Incinerated by a bombardier beetle

Illustrated notes

Levels and vault maps discovered:
D:        linesprint [early_d, line_temple, items_1, d_10, items_2, lair_1,
          lair_end, items_3, orc_1, orc_end, items_4, d_15, swamp_1, shoals_1,
          snake_1, spider_1, d_20, vaults_1, items_5, swamp_end, shoals_end,
          snake_end, spider_end, vaults_end, d_27, items_6, zot_1, zot_end,
          crypt_end, forest_end, elf_end, slime_end, tomb_end, abyss_end,
          pan_hell_end]

Skill      XL: |  1  2  3 |
---------------+----------+-----
Throwing       | 3 |  3.2
Fighting       | 2 |  2.9
Dodging        | 3 |  3.4
Unarmed Combat | 4 5 |  5.1

Action                     || total
---------------------------++-------
  Melee: Unarmed           ||    23
         Punch             ||     1
 Armour: Robe              ||    10
  Dodge: Dodged            ||     6
